 Dungeon Crawl Stone Soup version 0.30-a0-172-gc5509c9e31 (webtiles) character file.

Game seed: 4234620349067094932

294 qw the Chopper (level 6, -8/38 HPs)
             Began as a Gargoyle Fighter on Oct 1, 2022.
             Killed from afar by Grinder (18 damage)
             ... with a bolt of dispelling energy
             ... on level 3 of the Dungeon.
             The game lasted 00:01:25 (2888 turns).

qw the Chopper (Gargoyle Fighter)                   Turns: 2888, Time: 00:01:25

Health: -8/38      AC: 13    Str: 21    XL:     6   Next: 34%
Magic:  6/6        EV: 11    Int:  9    God:
Gold:   112        SH:  4    Dex:  9    Spells: 5/5 levels left

rFire   . . .      SeeInvis .    Y - +1 war axe
rCold   . . .      Faith    .    c - +0 buckler
rNeg    + . .      Spirit   .    i - +0 chain mail
rPois   inf        Reflect  .    (no helmet)
rElec   +          Harm     .    (no cloak)
rCorr   .          Rampage  .    (no gloves)
Will    .....                    (no boots)
Stlth   ..........               (no amulet)
HPRegen 0.26/turn                l - +4 ring of evasion
MPRegen 0.10/turn                (no ring)

@: very slow
A: sickness immunity, AC +4, negative energy resistance 1, electricity
resistance, torment resistance 1, petrification resistance
a: no special abilities


You were on level 3 of the Dungeon.
You visited 1 branch of the dungeon, and saw 3 of its levels.

You collected 112 gold pieces.


Innate Abilities, Weirdness & Mutations

You are immune to sickness and miasma.
Your stone body is resilient. (AC +4)
You are immune to poison.
You resist negative energy. (rN+)
You are resistant to electric shocks. (rElec)
You are resistant to unholy torment.
You are immune to petrification.


   Skills:
 - Level 4.0 Fighting
 + Level 5.5 Axes
 - Level 3.2 Armour
 - Level 0.2 Dodging
 - Level 3.2 Shields


You had 5 spell levels left.
You didn't know any spells.
Your spell library was empty.

Inventory:

Hand Weapons
 n - a +0 flail
 Y - a +1 war axe (weapon)
Armour
 c - a +0 buckler (worn)
 e - a +2 pair of gloves of hurling
 i - a +0 chain mail (worn)
Jewellery
 l - a +4 ring of evasion (left hand)
Scrolls
 b - a scroll of teleportation {unknown}
 m - a scroll of enchant armour
 p - a scroll of blinking {unknown}
Potions
 a - 2 potions of curing
 d - 6 potions of might
 f - a potion of heal wounds {unknown}
 g - a potion of attraction {unknown}
 h - a potion of invisibility {unknown}
 j - 2 potions of flight {unknown}
 k - a potion of mutation {unknown}
 o - a potion of brilliance {unknown}

Dungeon Overview and Level Annotations

Branches:
Dungeon (3/15)

Altars:

Annotations:
D:3 Grinder


Message History

You enter the shallow water.
Moving in this stuff is going to be slow.
You see here a frilled lizard skeleton.
There is an open door here.
There is an open door here.
There is a stone staircase leading down here.
There is an open door here.
You enter the shallow water.
Moving in this stuff is going to be slow.
Grinder comes into view.
She is carrying a wand of quicksilver (13).
Grinder shouts!
Grinder zaps a wand.
The bolt of dispelling energy hits the plant!
The plant begins to die.
The bolt of dispelling energy hits the plant!
The plant begins to die.
The bolt of dispelling energy hits you!
Grinder blinks!
Your unstable footing causes you to fumble your attack.
Grinder splashes around in the water.
Your unstable footing causes you to fumble your attack.
The goblin shouts!
Grinder hits you.
You writhe in agony.
Your unstable footing causes you to fumble your attack.
Grinder says, "There's only one good use for a tongue: cutting it out."
Grinder hits you but does no damage.
Grinder splashes around in the water.
You closely miss Grinder. You hit the plant.
The plant begins to die.
You hit the plant. You slash the plant!
The plant begins to die.
A nearby plant withers and dies. x2; Grinder closely misses you.
Your unstable footing causes you to fumble your attack.
Grinder gestures at you.
You suddenly lose the ability to move!
Grinder hits you but does no damage.
A nearby plant withers and dies.
Grinder hits you.
You writhe in agony.
A nearby plant withers and dies.
Grinder hits you but does no damage.
The goblin splashes around in the water.
You can move again.
Your unstable footing causes you to fumble your attack.
Grinder says, "You look like you could use a good racking."
Grinder zaps a wand.
The bolt of dispelling energy hits you!!
You die...

###+###..#.# .....
#.......). .....
#...#.#... ......
#......... ......
#.#.#.#.#. ......######
##.........
......PP)~~###..#.#.#.#.
......~~~P.P............
#...~g@~~P~..#>..#.#...
##..P5~~7~..##.........
##.P7777~~~####.###..#
#~~~ 7~~~~####......#
...~ 7P77~~P..######.#
##P.7~~PPPP7PP..# #..
#PP~7PPPPP~7P..# ### #.
~~PP.#~~ PP.# ~~.~###.~
~~~#


You could see Grinder and a goblin.

Vanquished Creatures
  A hound (D:3)
  An orc priest (D:2)
  4 gnolls
  11 adders
  A worm (D:2)
  2 dart slugs
  4 orcs (D:2)
  19 ball pythons
  6 endoplasms
  2 giant cockroaches (D:2)
  9 goblins
  6 hobgoblins
  A quokka (D:2)
  5 bats
  8 frilled lizards
  9 kobolds
  9 rats
98 creatures vanquished.

Vanquished Creatures (others)
  7 plants (D:3)
7 creatures vanquished.

Grand Total: 105 creatures vanquished

Notes
Turn   | Place    | Note
-------+----------+-------------------------------------------
     0 | D:1      | qw the Gargoyle Fighter began the quest for the Orb.
     0 | D:1      | Reached XP level 1. HP: 14/14 MP: 1/1
     0 | D:1      | 0 ||| qw: Version: 0.2-a-13-gfc7b4b4
     0 | D:1      | 0 ||| qw: Game counter: 1788
     0 | D:1      | 0 ||| qw: Always use a shield: true
     0 | D:1      | 0 ||| qw: God list: Okawaru
     0 | D:1      | 0 ||| qw: Allow faded altars: false
     0 | D:1      | 0 ||| qw: Do Orc after D:15 true
     0 | D:1      | 0 ||| qw: Do second Lair branch before Depths: true
     0 | D:1      | 0 ||| qw: Lair rune preference: random
     0 | D:1      | 0 ||| qw: Plans: Normal, Zot:1-4, God:TSO, Crypt, Tomb,
                  | Pan, Slime:5, Hells, Abyss, Orb
     0 | D:1      | 0 ||| PLANNING D:1-11
    41 | D:1      | Reached skill level 2 in Axes
    41 | D:1      | Reached XP level 2. HP: 16/19 MP: 2/2
   202 | D:1      | 202 ||| DROPPING +0 club.
   243 | D:1      | Reached skill level 3 in Axes
   323 | D:1      | Reached XP level 3. HP: 17/23 MP: 3/3
   404 | D:1      | 404 ||| Stepping ~*~*~tactically~*~*~ (stealth).
   405 | D:1      | 405 ||| Stepping ~*~*~tactically~*~*~ (stealth).
   432 | D:1      | 432 ||| Stepping ~*~*~tactically~*~*~ (stealth).
   442 | D:1      | 442 ||| DROPPING +0 whip.
   443 | D:1      | 443 ||| Stepping ~*~*~tactically~*~*~ (stealth).
   445 | D:1      | 445 ||| Stepping ~*~*~tactically~*~*~ (stealth).
   569 | D:1      | Found a faded altar of an unknown god.
   692 | D:1      | 692 ||| Stepping ~*~*~tactically~*~*~ (stealth).
   884 | D:1      | 884 ||| UPGRADING to +4 ring of evasion.
   885 | D:1      | 885 ||| READING scroll labelled ICZAFO TIUN.
   886 | D:1      | 886 ||| READING scroll labelled VAGRED LOYW.
   887 | D:1      | 887 ||| READING scroll labelled KOEMEKL LOKUX.
   888 | D:1      | 888 ||| READING scroll labelled WAB AR BODINUN.
  1087 | D:2      | 1087 ||| Stepping ~*~*~tactically~*~*~ (hiding).
  1090 | D:2      | 1090 ||| Stepping ~*~*~tactically~*~*~ (hiding).
  1091 | D:2      | 1091 ||| Stepping ~*~*~tactically~*~*~ (hiding).
  1097 | D:2      | Reached XP level 4. HP: 15/28 MP: 4/4
  1097 | D:2      | HP: 6/28 [gnoll/+0 spear (4)]
  1099 | D:2      | Reached skill level 4 in Axes
  1333 | D:2      | Reached XP level 5. HP: 32/32 MP: 5/5
  1506 | D:2      | 1506 ||| Stepping ~*~*~tactically~*~*~ (hiding).
  1513 | D:2      | HP: 4/32 [orc priest/divine providence (11)]
  1516 | D:2      | HP: 1/32 [orc priest/+0 flail (1)]
  1521 | D:2      | Reached skill level 5 in Axes
  1643 | D:2      | 1643 ||| DROPPING +2 whip of electrocution.
  1672 | D:2      | 1672 ||| Stepping ~*~*~tactically~*~*~ (stealth).
  1674 | D:2      | 1674 ||| Stepping ~*~*~tactically~*~*~ (stealth).
  1675 | D:2      | 1675 ||| Stepping ~*~*~tactically~*~*~ (stealth).
  1736 | D:2      | 1736 ||| Stepping ~*~*~tactically~*~*~ (hiding).
  1792 | D:2      | 1792 ||| Stepping ~*~*~tactically~*~*~ (hiding).
  2168 | D:2      | 2168 ||| UPGRADING to +0 chain mail.
  2178 | D:2      | 2178 ||| DROPPING +0 scale mail.
  2179 | D:2      | 2179 ||| READING scroll labelled MAVOAM LOOCYT.
  2180 | D:2      | 2180 ||| READING scroll labelled BUSUER ZESU.
  2181 | D:2      | 2181 ||| READING scroll labelled RERGHI AT AHI.
  2182 | D:2      | 2182 ||| READING scroll labelled JOC YBIKUTYGA.
  2183 | D:2      | 2183 ||| DRINKING 2 sapphire potions.
  2199 | D:3      | 2199 ||| STAIRDANCE
  2215 | D:3      | Reached XP level 6. HP: 36/38 MP: 6/6
  2317 | D:3      | 2317 ||| Stepping ~*~*~tactically~*~*~ (stealth).
  2318 | D:3      | 2318 ||| Stepping ~*~*~tactically~*~*~ (stealth).
  2879 | D:3      | Noticed Grinder
  2884 | D:3      | Paralysed by Grinder for 4 turns
  2886 | D:3      | HP: 9/38 [Grinder (2)]
  2888 | D:3      | Killed from afar by Grinder

Levels and vault maps discovered:
D:1:      shiori_arrival_elements, layout_loops_ring,
          hellmonk_ecumenical_altar_leap_of_faith, minmay_hedge_maze,
          minmay_tetromino_l4
D:2:      minmay_razor_zed, layout_loops_cross, minmay_box_of_dots
D:3:      layout_basic, serial_bayou, serial_bayou_lake_a, serial_bayou_pond_e,
          serial_bayou_shore_b, serial_bayou_shore_b, serial_bayou_lagoon_a,
          st_stairs_2, minmay_snake_closets, uniq_grinder

Skill      XL: |  1  2  3  4  5 |
---------------+----------------+-----
Axes           | 2 3 4 5 |  5.5
Fighting       | 4 |  4.0
Armour         | |  3.2
Dodging        | |  0.2
Shields        | |  3.2

Action                   |  1- 3 |  4- 6 || total
-------------------------+-------+-------++-------
Melee: War axe           |    98 |   190 ||   288
  Use: Scroll            |     4 |     4 ||     8
       Potion            |       |     1 ||     1
Armor: Scale mail        |    37 |    31 ||    68
       Chain mail        |       |    31 ||    31
Dodge: Dodged            |    56 |   121 ||   177
Block: Buckler           |     8 |    37 ||    45

Table legend:
 A = Non-vault XP
 B = Vault XP
 C = Vault XP percentage of total XP
 D = Non-vault monster count
 E = Vault monster count
 F = Vault count percentage of total count
                 A         B        C        D         E       F
            +---------+---------+-------+---------+---------+-------
      Total |     299 |     122 |  29.0 |      67 |      31 |  31.6
            +---------+---------+-------+---------+---------+-------
        D:1 |      48 |       4 |   7.7 |      25 |       2 |   7.4
        D:2 |     195 |      63 |  24.4 |      33 |      15 |  31.2
        D:3 |      56 |      55 |  49.5 |       9 |      14 |  60.9
            +---------+---------+-------+---------+---------+-------
